AoeStats
← Wicked Lui

Black Forest

508729678Analyzed
4v4 RM · 8d ago on Sep 23, 2026· 39m 36s· 8 players
Game mode
Random Map
Map size
Large (8 player)
Population
200
Speed
Normal
Resources
Standard
Victory
Conquest
Starting age
Dark Age
Ending age
Imperial Age
RankedLock teamsTeams togetherTeam positionsShared explorationLock speedFull tech treeHidden civsTurbo modeCheats
Victory
Defeat
🇹🇷 Saxons · Türkiye
1560
+9
🇹🇷 Japanese · Türkiye
1512
+11
🇹🇷 Georgians · Türkiye
1432
+14
🇹🇷 Khmer · Türkiye
1253
+20
🇩🇪 Muisca · Germany
1441
-16
🇧🇷 Japanese · Brazil
1419
-15
🇩🇪 Danes · Germany
1348
-12
🇫🇷 Franks · France
1327
-11
Karzul
7:03 Loom
9:46 Feudal Age
11:11 Man-at-Arms
16:38 Fletching
18:15 Padded Archer Armor
22:25 Castle Age
20:38 Double-Bit Axe
21:11 Horse Collar
24:06 Bow Saw
23:59 Heavy Plow
27:25 Bodkin Arrow
29:10 Gold Mining
33:44 Imperial Age
32:12 Wheelbarrow
32:54 Ballistics
33:31 Hand Cart
33:50 Leather Archer Armor
33:49 Bloodlines
33:40 Husbandry
33:48 Stone Mining
34:28 Town Watch
35:21 Bracer
36:33 Thumb Ring
36:55 Parthian Tactics
39:14 Chemistry
omnomnomnivore
1:17 Loom
10:37 Feudal Age
17:01 Castle Age
15:24 Double-Bit Axe
17:58 Bow Saw
17:29 Horse Collar
18:38 Squires
20:08 Heavy Plow
20:32 Fletching
21:21 Bodkin Arrow
31:28 Forging
35:26 Gold Mining
35:27 Stone Mining
38:24 Wheelbarrow
Creed
3:45 Loom
12:18 Feudal Age
12:57 Horse Collar
13:03 Double-Bit Axe
16:42 Castle Age
18:03 Heavy Plow
18:14 Bow Saw
27:47 Wheelbarrow
31:19 Imperial Age
29:50 Hand Cart
30:20 Town Watch
30:51 Forging
30:41 Scale Mail Armor
31:04 Ballistics
30:49 Gold Mining
30:49 Stone Mining
32:36 Gold Shaft Mining
31:32 Onager
31:58 Northmen's Fury
33:20 Siege Engineers
34:15 Chemistry
32:55 Elite Varangian Guard
33:20 Arson
33:35 Squires
33:21 Gambesons
33:54 Pikeman
35:47 Iron Casting
35:27 Chain Mail Armor
36:09 Conscription
36:04 Siege Onager
38:20 Stone Shaft Mining
37:46 Elite Jomsviking
差不多先生
11:09 Feudal Age
13:01 Double-Bit Axe
15:27 Castle Age
17:43 Wheelbarrow
25:03 Hand Cart
28:19 Imperial Age
26:20 Bow Saw
28:47 Scale Barding Armor
28:55 Forging
28:50 Husbandry
28:24 Cavalier
29:55 Chain Barding Armor
29:58 Conscription
30:38 Chain Barding Armor
29:50 Paladin
32:35 Iron Casting
32:38 Plate Barding Armor
32:12 Gold Mining
32:14 Stone Mining
35:47 Blast Furnace
35:43 Onager
if i lose it all
2:05 Loom
9:47 Feudal Age
9:55 Man-at-Arms
10:21 Double-Bit Axe
13:05 Fletching
18:24 Horse Collar
21:49 Castle Age
19:54 Horse Collar
22:28 Bodkin Arrow
23:41 Bow Saw
24:35 Wheelbarrow
28:24 Hand Cart
33:10 Imperial Age
31:08 Scale Mail Armor
31:15 Gold Mining
31:46 Squires
32:00 Heavy Plow
32:32 Chain Mail Armor
33:00 Gambesons
33:27 Forging
33:19 Stone Mining
34:04 Gold Shaft Mining
34:25 Plate Mail Armor
33:59 Caravan
35:10 Conscription
34:15 Shield Wall
34:54 Elite Varangian Guard
35:13 Pikeman
36:35 Iron Casting
35:40 Halberdier
37:36 Arson
Wicked Lui
0:57 Loom
12:04 Feudal Age
15:28 Castle Age
15:58 Double-Bit Axe
21:25 Scale Barding Armor
27:05 Wheelbarrow
31:19 Imperial Age
30:19 Bow Saw
36:27 Chain Barding Armor
36:43 Husbandry
36:53 Bloodlines
38:05 Hand Cart
38:05 Forging
38:32 Plate Barding Armor
37:51 Elite Battle Elephant
39:40 Iron Casting
39:05 Light Cavalry
koteshii
11:36 Feudal Age
15:16 Castle Age
14:35 Double-Bit Axe
16:38 Bow Saw
17:08 Wheelbarrow
23:37 Horse Collar
24:36 Hand Cart
26:50 Town Watch
26:51 Loom
30:03 Imperial Age
27:26 Fletching
27:49 Heavy Plow
28:25 Bodkin Arrow
28:31 Padded Archer Armor
29:21 Ballistics
29:31 Leather Archer Armor
29:33 Gold Mining
29:34 Stone Mining
29:56 Treadmill Crane
30:57 Coinage
31:04 Gold Shaft Mining
31:15 Ring Archer Armor
30:48 Bracer
31:18 Ring Archer Armor
31:50 Chemistry
31:17 Parthian Tactics
31:57 Conscription
31:23 Heavy Cavalry Archer
33:24 Scale Mail Armor
33:34 Forging
34:04 Conscription
34:29 Guard Tower
34:56 Siege Engineers
36:12 Banking
36:07 Thumb Ring
36:03 Husbandry
36:14 Bloodlines
37:04 Yasama
37:43 Keep
37:47 Arrowslits
38:44 Kataparuto
Alarmaaa5374
10:53 Feudal Age
15:16 Castle Age
13:18 Double-Bit Axe
13:24 Horse Collar
18:04 Bow Saw
20:31 Heavy Plow
21:33 Wheelbarrow
24:01 Gold Mining
29:37 Imperial Age
27:25 Hand Cart
26:55 Town Watch
26:56 Loom
27:57 Padded Archer Armor
27:47 Fletching
27:41 Treadmill Crane
28:44 Stone Mining
29:11 Leather Archer Armor
29:24 Ballistics
29:09 Bodkin Arrow
29:16 Murder Holes
29:31 Masonry
29:46 Svan Towers
30:02 Husbandry
30:51 Stone Shaft Mining
31:21 Chemistry
30:33 Caravan
31:11 Conscription
31:44 Bracer
31:51 Siege Engineers
31:40 Guard Tower
31:35 Arrowslits
32:18 Parthian Tactics
32:10 Arrowslits
32:36 Masonry
32:48 Town Patrol
32:21 Heavy Cavalry Archer
33:21 Bloodlines
34:41 Crop Rotation
36:45 Keep
36:42 Architecture
36:44 Aznauri Cavalry
Connection lost

Rejoining the realm…

Still unreachable

The connection could not be restored.

Session expired

The server has moved on; the page needs a fresh start.